 Dungeon Crawl Stone Soup version 0.21.1-1-g345015f (webtiles) character file.

8208 tyranidshit the Fighter (level 11, -1/92 HPs)
             Began as a Demonspawn Abyssal Knight on July 25, 2018.
             Was an Elder of Lugonu.
             Splashed by a jelly's acid (4 damage)
             ... on level 11 of the Dungeon.
             The game lasted 00:47:09 (8703 turns).

tyranidshit the Fighter (Demonspawn Abyssal Knight) Turns: 8703, Time: 00:47:10

Health: -1/92      AC: 18    Str: 20    XL:     11   Next: 6%
Magic:  17/17      EV:  7    Int: 14    God:    Lugonu [****..]
Gold:   28         SH:  5    Dex: 13    Spells: 10/10 levels left

rFire    + . .     SeeInvis +   a - +4 war axe (elec)
rCold    . . .     Gourm    .   q - +0 buckler
rNeg     . . .     Faith    .   d - +0 plate armour
rPois    .         Spirit   .   (helmet restricted)
rElec    .         Reflect  .   z - +0 cloak
rCorr    .         Harm     .   s - +1 pair of gloves
MR       .....                  b - +0 pair of boots
Stlth    ..........             i - amulet of magic regeneration
HPRegen  1.25/turn              p - +5 ring of strength
MPRegen  0.40/turn              A - ring of Curiosity {rF+ SInv}

@: very slightly contaminated
A: horns 1, powered by death 1, sturdy frame 1
a: Depart the Abyss, Bend Space, Banish, Corrupt, Renounce Religion


You were on level 11 of the Dungeon.
You worshipped Lugonu.
Lugonu was greatly pleased with you.
You were not hungry.

You visited 2 branches of the dungeon, and saw 12 of its levels.
You visited the Abyss 1 time.

You collected 649 gold pieces.
You spent 621 gold pieces at shops.

Inventory:

Hand Weapons
 a - a +4 war axe of electrocution (weapon)
Armour
 b - a +0 pair of boots (worn)
 d - a +0 plate armour (worn)
 q - a +0 buckler (worn)
 s - a +1 pair of gloves (worn)
 z - a +0 cloak (worn)
Jewellery
 i - an amulet of magic regeneration (around neck)
 p - a +5 ring of strength (left hand)
 A - the ring of Curiosity (right hand) {rF+ SInv}
   (You found it on level 7 of the Dungeon)

   [ring of see invisible]

   It protects you from fire.
   It lets you see invisible.
Wands
 r - a wand of random effects (31)
 t - a wand of clouds (4)
 u - a wand of flame (22)
 x - a wand of paralysis (1)
Scrolls
 e - 5 scrolls of teleportation
 j - 4 scrolls of remove curse
 l - a scroll of amnesia
 m - 5 scrolls of identify
 o - 3 scrolls of fear
 y - a scroll of magic mapping
 C - a scroll of fog
Potions
 g - 4 potions of resistance
 k - a potion of agility
 n - a potion of might
 w - a potion of cancellation
Miscellaneous
 f - a lightning rod (inert)
Comestibles
 c - 12 rations


   Skills:
 + Level 10.3 Fighting
 - Level 5.5 Axes
 - Level 8.2 Armour
 - Level 0.8 Dodging
 - Level 4.1 Shields
 - Level 9.1 Invocations
 - Level 5.1 Evocations


You had 10 spell levels left.
You didn't know any spells.

Dungeon Overview and Level Annotations

Branches:
Dungeon (11/15)            Temple (1/1) D:7
   Lair: D:8-11         Orc: D:9-12

Altars:
Ashenzari
Cheibriados
Dithmenos
Elyvilon
Fedhas
Gozag
Hepliaklqana
Kikubaaqudgha
Makhleb
Nemelex Xobeh
Okawaru
Qazlal
Ru
Sif Muna
Trog
Uskayaw
Vehumet
Wu Jian
Xom
Yredelemnul
Zin
The Shining One
Beogh

Shops:
D:9 *   D:10 *

Annotations:
D:11 Snorg


Innate Abilities, Weirdness & Mutations

You have a pair of small horns on your head.
You regenerate a little health from kills.
Your movements are slightly less encumbered by armour. (ER -2)


Message History

The adder barely misses you.
You hit the adder.
The adder is moderately wounded.
The adder bites you but does no damage.
The jelly jiggles.
The adder barely misses you.
Your plate armour prevents you from hitting the adder.
The adder is moderately wounded.
The adder bites you.
* * * LOW HITPOINT WARNING * * *
You slash the adder! Lightning courses through the adder!
You kill the adder!
Lugonu accepts your kill.
You hit the jelly.
Your hands burn!
* * * LOW HITPOINT WARNING * * *
You headbutt the jelly.
The jelly is moderately wounded.
You block the jelly's attack.
You hit the jelly.
Your hands burn!
You die...

+..........#
#..........#
#..........#
#......SJ..#
#........JS#
##########F#
#.# #.####+#
#....J@#
########


You could see a jelly.

Vanquished Creatures
  A two-headed ogre (D:9)
  Pikel (D:8)
  The ghost of Alter the Cudgeler, a novice DsGl (D:6)
  The ghost of spiff the Sneak, a novice HuEn (D:4)
  Prince Ribbit (D:7)
  A hippogriff (D:10)
  6 yaks
  A steam dragon (D:10)
  Grum (D:10)
  Menkaure (D:6)
  A water moccasin (D:9)
  Duvessa (D:6)
  A porcupine (D:8)
  7 orc warriors
  2 ice beasts
  2 black bears (D:9)
  2 sky beasts
  A phantom (D:10)
  A necrophage (D:10)
  3 wolves (D:10)
  7 ogres
  3 centaurs
  A crocodile (D:10)
  4 bullfrogs
  A wyvern zombie (D:8)
  A wyvern skeleton (D:11)
  Dowan (D:6)
  3 scorpions
  2 howler monkeys
  4 wights (D:8)
  2 crimson imps
  A bullfrog zombie (D:4)
  A centaur zombie (D:7)
  A quasit (D:10)
  A bullfrog skeleton (D:8)
  Crazy Yiuf (D:7)
  4 centaur skeletons
  9 hounds
  A jelly (D:10)
  A gnoll shaman (D:4)
  2 orc priests
  11 orc wizards
  3 iguanas
  4 worker ants
  3 worker ant zombies
  8 gnolls
  6 adders
  3 shadow imps
  An adder zombie (D:5)
  2 adder skeletons
  A dart slug (D:3)
  2 leopard geckos (D:7)
  32 orcs
  4 giant cockroaches
  4 goblins
  A hobgoblin (D:2)
  9 jackals
  3 kobolds
  6 quokkas
  5 bats
  2 frilled lizards
  A jackal zombie (D:6)
  A leopard gecko skeleton (D:5)
  A quokka zombie (D:5)
  24 rats
  A plant (D:8)
225 creatures vanquished.

Vanquished Creatures (others)
  4 slaves (D:8)
  A crocodile (D:8)
  A wight (D:8)
  A jelly (D:8)
  4 fungi (D:8)
  4 plants (D:8)
15 creatures vanquished.

Grand Total: 240 creatures vanquished

Notes
Turn   | Place    | Note
-------+----------+-------------------------------------------
     0 | Abyss:1  | tyranidshit the Demonspawn Abyssal Knight began the quest for the Orb.
     0 | Abyss:1  | Reached XP level 1. HP: 18/18 MP: 2/2
    58 | Abyss:2  | Noticed a ynoxinul
    60 | Abyss:2  | Noticed a large abomination
   103 | Abyss:2  | Noticed a sky beast
   110 | Abyss:2  | Noticed a starcursed mass
   111 | Abyss:2  | Noticed a large abomination
   111 | D:1      | Escaped the Abyss
   169 | D:1      | Reached skill level 5 in Fighting
   169 | D:1      | Reached skill level 5 in Armour
   169 | D:1      | Gained mutation: You regenerate a little health from kills. [demonic ancestry]
   169 | D:1      | Reached XP level 2. HP: 19/27 MP: 3/3
   899 | D:2      | Found a shadowy altar of Dithmenos.
  1537 | D:3      | Reached * piety under Lugonu
  1537 | D:3      | Reached XP level 3. HP: 32/33 MP: 4/4
  1704 | D:3      | Reached XP level 4. HP: 39/39 MP: 5/5
  1884 | D:3      | Reached ** piety under Lugonu
  1968 | D:4      | Found a glowing golden altar of the Shining One.
  2164 | D:4      | Noticed spiff's ghost (novice HuEn)
  2221 | D:4      | Killed spiff's ghost
  2221 | D:4      | Gained mutation: You have a pair of small horns on your head. [demonic ancestry]
  2221 | D:4      | Reached XP level 5. HP: 25/44 MP: 6/6
  2221 | D:4      | Reached XP level 6. HP: 29/51 MP: 7/7
  2259 | D:4      | Found a sparkling altar of Nemelex Xobeh.
  2377 | D:4      | Reached XP level 7. HP: 49/56 MP: 8/8
  2483 | D:4      | Reached skill level 6 in Fighting
  2670 | D:5      | Entered Level 5 of the Dungeon
  2730 | D:5      | Reached skill level 7 in Fighting
  2938 | D:5      | Reached XP level 8. HP: 65/68 MP: 9/9
  2957 | D:5      | Reached *** piety under Lugonu
  3055 | D:5      | Reached skill level 8 in Fighting
  3408 | D:6      | Got a faintly glowing robe
  3410 | D:6      | Noticed Duvessa
  3411 | D:6      | Noticed Dowan
  3429 | D:5      | Identified the +1 robe of the Buccaneer {-Cast *Contam Int+6} (You found it on level 6 of the Dungeon)
  3774 | D:6      | Reached skill level 1 in Evocations
  3791 | D:6      | Killed Dowan
  3798 | D:6      | Killed Duvessa
  3870 | D:6      | Found a deep blue altar of Sif Muna.
  3916 | D:6      | Noticed Alter's ghost (novice DsGl)
  4094 | D:6      | Reached skill level 5 in Invocations
  4122 | D:6      | Noticed Menkaure
  4130 | D:6      | Killed Menkaure
  4240 | D:6      | Killed Alter's ghost
  4240 | D:6      | Reached XP level 9. HP: 75/75 MP: 13/13
  4250 | D:6      | Found a burning altar of Makhleb.
  4730 | D:7      | Found a runed door.
  4824 | D:7      | Noticed Crazy Yiuf
  4834 | D:7      | Killed Crazy Yiuf
  4921 | D:7      | Noticed Prince Ribbit
  4944 | D:7      | Killed Prince Ribbit
  4944 | D:7      | Reached skill level 9 in Fighting
  5119 | D:7      | Found a staircase to the Ecumenical Temple.
  5134 | Temple   | Entered the Ecumenical Temple
  5353 | D:7      | Found a blossoming altar of Fedhas.
  5456 | D:7      | Got a shimmering ivory ring
  5516 | D:7      | Identified the ring of Curiosity {rF+ SInv} (You found it on level 7 of the Dungeon)
  5692 | D:8      | Reached **** piety under Lugonu
  5788 | D:8      | Found a blossoming altar of Fedhas.
  5789 | D:8      | Found an ancient bone altar of Kikubaaqudgha.
  5931 | D:8      | Reached skill level 5 in Axes
  5936 | D:8      | Got a faintly glowing scale mail
  5937 | D:8      | Identified the cursed +0 scale mail "Qagutuoh" {+Inv Str+3} (You found it on level 8 of the Dungeon)
  6015 | D:8      | Noticed Pikel
  6026 | D:8      | Killed Pikel
  6026 | D:8      | Reached XP level 10. HP: 43/83 MP: 13/15
  6096 | D:8      | Found a hide-covered altar of Uskayaw.
  6384 | D:8      | HP: 1/85 [orc warrior/dire flail (9)]
  6578 | D:9      | Found a shattered altar of Ashenzari.
  6597 | D:9      | Found a shimmering altar of Xom.
  6660 | D:9      | Reached skill level 10 in Fighting
  6666 | D:9      | Noticed a two-headed ogre
  6817 | D:9      | Found Ireahoe's General Store.
  6836 | D:9      | Bought a +0 cloak for 49 gold pieces
  7036 | D:9      | Found a burning altar of Makhleb.
  7096 | D:9      | Killed a two-headed ogre
  7107 | D:9      | Found a deep blue altar of Sif Muna.
  7387 | D:10     | Entered Level 10 of the Dungeon
  7443 | D:10     | Noticed Grum
  7464 | D:10     | Killed Grum
  7486 | D:10     | Noticed an orc knight
  7487 | D:10     | Noticed a cyclops
  7487 | D:10     | Noticed a cyclops
  7500 | D:10     | Noticed a deep elf mage
  7685 | D:9      | Bought a scroll of acquirement for 572 gold pieces
  7928 | D:10     | Found Ubauph's Assorted Antiques.
  7950 | D:10     | Reached skill level 5 in Evocations
  8118 | D:10     | Found a deep blue altar of Sif Muna.
  8204 | D:10     | Gained mutation: Your movements are slightly less encumbered by armour. (ER -2) [demonic ancestry]
  8204 | D:10     | Reached XP level 11. HP: 91/91 MP: 17/17
  8558 | D:11     | Found a roughly hewn altar of Beogh.
  8560 | D:11     | Noticed Snorg
  8688 | D:11     | HP: 4/91 [wyvern skeleton (8)]
  8689 | D:11     | HP: 1/91 [wyvern skeleton (3)]
  8702 | D:11     | HP: 2/92 [acid (5)]
  8703 | D:11     | Splashed by a jelly's acid

Skill      XL: |  1  2  3  4  5  6  7  8  9 10 11 |
---------------+----------------------------------+-----
Fighting       | 5 7 8 9 10 | 10.3
Armour         | 5 6 8 |  8.2
Shields        | 3 4 |  4.1
Invocations    | 6 7 8 9 |  9.1
Evocations     | 4 5 |  5.1
Axes           | 5 |  5.5
Dodging        | |  0.8

Action                   |  1- 3 |  4- 6 |  7- 9 | 10-12 || total
-------------------------+-------+-------+-------+-------++-------
Melee: Hand axe          |    99 |   116 |   553 |    53 ||   821
       Headbutt          |       |     8 |   146 |    58 ||   212
       Quarterstaff      |       |       |    28 |       ||    28
       Battleaxe         |       |       |       |   129 ||   129
       War axe           |       |       |       |    96 ||    96
       Great sword       |       |       |       |     6 ||     6
Invok: Depart the Abyss  |     1 |       |       |       ||     1
       Banish            |       |       |     1 |     1 ||     2
Evoke: Lightning rod     |     2 |     2 |     7 |     5 ||    16
       Wand              |       |       |    16 |    15 ||    31
  Use: Scroll            |     6 |     2 |     7 |    10 ||    25
       Potion            |     6 |     1 |     5 |     7 ||    19
 Stab: Paralysed         |       |       |    77 |    21 ||    98
  Eat: Ration            |     1 |     1 |     4 |     2 ||     8
Armor: Plate armour      |   104 |    90 |   425 |   248 ||   867
Dodge: Dodged            |    30 |    42 |   163 |   122 ||   357
Block: Buckler           |       |    21 |   100 |    39 ||   160
       Rpst.: Great sword |       |       |       |     1 ||     1
